 Dungeon Crawl Stone Soup version 0.28.0-49-g6dfe1f597d (webtiles) character file.

Game seed: 12116332828842611921

3138 GigaChad the Carver (level 9, -9/85 HPs)
             Began as a Minotaur Fighter on May 11, 2022.
             Was a Believer of Ashenzari.
             Mangled by an orc knight
             ... wielding a +0 halberd
              (14 damage)
             ... in a bailey.
             The game lasted 00:20:17 (7659 turns).

GigaChad the Carver (Minotaur Fighter)              Turns: 7659, Time: 00:20:18

Health: -9/85      AC: 21    Str: 27    XL:     9   Next: 61%
Magic:  8/8        EV:  8    Int:  5    God:    Ashenzari [**....]
Gold:   1123       SH:  7    Dex: 14    Spells: 8/8 levels left

rFire   . . .      SeeInvis +   a - +0 long sword of the Ruined Negligence {Fort, Comp} (curse)
rCold   . . .      Faith    .   c - +1 buckler
rNeg    . . .      Spirit   .   p - +6 plate armour of Panopticon {Will+, Fort, Self} (curse)
rPois   .          Reflect  .   (helmet restricted)
rElec   .          Harm     .   (no cloak)
rCorr   .          Rampage  .   (no gloves)
Will    +....                   (no boots)
Stlth   ..........              (no amulet)
HPRegen 0.24/turn               i - ring of Ashenzari's Fetters {Str+6, Fort, Self} (curse)
MPRegen 0.11/turn               D - ring of Ashenzari's Adversity {Slay+4, Comp, Alch} (curse)

@: no status effects
A: horns 2, retaliatory headbutt
a: Renounce Religion, Curse Item, Shatter the Chains


You were in a bailey.
You worshipped Ashenzari.
Ashenzari was pleased with you.
You visited 1 branch of the dungeon, and saw 7 of its levels.
You also visited: Bailey.

You collected 1123 gold pieces.

Inventory:

Hand Weapons
 a - the cursed +0 long sword of the Ruined Negligence (weapon) {Fort, Comp}

   It has a curse which improves the following skills: Fortitude: Armour and
   Shields.
   Companions: Summonings and Necromancy.
 F - a +0 vorpal flail
 G - a +7 long sword
 H - a +4 battleaxe
 I - a +2 flail
Missiles
 C - 14 boomerangs of dispersal (quivered)
Armour
 b - a +0 scale mail
 c - a +1 buckler (worn)
 f - a +0 chain mail
 p - the cursed +6 plate armour of Panopticon (worn) {Will+, Fort, Self}
   (You found it on level 3 of the Dungeon)

   Will:      It increases your willpower.
   It has a curse which improves the following skills: Fortitude: Armour and
   Shields.
   Introspection: Fighting and Spellcasting.
 w - the +0 ring mail "Moapaeb" {rC+ Str+6 Stlth+}
   (You found it on level 5 of the Dungeon)

   Str:       It affects your strength (+6).
   rC:        It protects you from cold.
   Stlth:     It makes you more stealthy.
 J - a +0 troll leather armour
Magical Staves
 h - a staff of death
 l - a staff of death
Jewellery
 i - the cursed ring of Ashenzari's Fetters (left hand) {Str+6, Fort, Self}
   (You found it on level 2 of the Dungeon)

   [ring of strength]

   Str:       It affects your strength (+6).
   It has a curse which improves the following skills: Fortitude: Armour and
   Shields.
   Introspection: Fighting and Spellcasting.
 t - a ring of ice
 x - a ring of flight
 D - the cursed ring of Ashenzari's Adversity (right hand) {Slay+4, Comp, Alch}
   (You found it on level 6 of the Dungeon)

   [ring of slaying]

   Slay:      It affects your accuracy & damage with ranged weapons and melee
   (+4).
   It has a curse which improves the following skills: Companions: Summonings
   and Necromancy.
   Alchemy:   Poison Magic and Transmutations.
 E - a ring of poison resistance
 K - a ring of positive energy
Wands
 j - a wand of acid (11)
 o - a wand of iceblast (8)
 A - a wand of flame (22)
Scrolls
 g - 3 scrolls of blinking
 m - a scroll of immolation
 n - 2 scrolls of summoning
 r - a scroll of fear
 u - 2 scrolls of amnesia
 y - a scroll of fog
 z - a scroll of magic mapping
Potions
 d - 2 potions of might
 e - 2 potions of lignification
 q - a potion of brilliance
 s - a potion of heal wounds
 v - a potion of flight
 B - a potion of resistance


   Skills:
 + Level 8.0(10.0) Fighting
 + Level 10.5 Long Blades
 + Level 9.1(11.6) Armour
 + Level 1.2 Dodging
 + Level 1.3 Stealth
 + Level 6.6(9.2) Shields


You had 8 spell levels left.
You didn't know any spells.
Your spell library contained the following spells:

 Spells                   Type           Power      Damage    Failure   Level
 Sandblast                Erth           0%         2d4       99%         1
 Passwall                 Tmut/Erth      0%         N/A       100%        2
 Sublimation of Blood     Necr           0%         N/A       100%        2
 Wereblood                Tmut           0%         N/A       100%        2
 Stone Arrow              Conj/Erth      0%         3d7       100%        3
 Animate Armour           Summ/Erth      0%         N/A       100%        4
 Summon Hydra             Summ           0%         N/A       100%        7
 Lehudib's Crystal Spear  Conj/Erth      0%         10d2      100%        8


Dungeon Overview and Level Annotations

Branches:
Dungeon (7/15)             Temple (0/1) D:4          Bailey (1/1)

Altars:
Ashenzari
Elyvilon
Makhleb
Qazlal
Ru
Vehumet
Xom
Yredelemnul

Shops:
D:4 (


Innate Abilities, Weirdness & Mutations

You have a pair of horns on your head.
You reflexively headbutt those who attack you in melee.


Message History

Things that are here:
a +0 halberd; a +0 scale mail; an orc corpse The orc knight hits you but does no damage.
You slash the orc knight! You headbutt the orc knight!
The orc knight is heavily wounded.
The orc knight hits you but does no damage.
You hit the orc knight but do no damage.
You headbutt the orc knight, but do no damage.
The orc knight is moderately wounded.
The orc knight hits you with a +0 halberd.
* * * LOW HITPOINT WARNING * * *
You hit the orc knight.
The orc knight is heavily wounded.
The orc knight closely misses you. You furiously retaliate!
You headbutt the orc knight, but do no damage.
You closely miss the orc knight.
The orc knight is heavily wounded.
The orc knight barely misses you.
You hit the orc knight but do no damage.
You headbutt the orc knight, but do no damage.
The orc knight is heavily wounded.
You hit the orc knight.
The orc knight is heavily wounded.
The orc knight hits you but does no damage.
You hit the orc knight but do no damage.
The orc knight is heavily wounded.
The orc knight hits you with a +0 halberd!
* * * LOW HITPOINT WARNING * * *
You slash the orc knight!
The orc knight is severely wounded.
The orc knight hits you but does no damage.
You hit the orc knight but do no damage.
Your headbutt misses the orc knight.
The orc knight is severely wounded.
The orc knight hits you with a +0 halberd!
* * * LOW HITPOINT WARNING * * *
You barely miss the orc knight.
The orc knight is severely wounded.
The orc knight hits you with a +0 halberd!
You die...

###.....≈≈≈≈...#..... ,, ,
♣♣♣....♣..≈≈≈≈.♣.##..., ,,
♣.........≈≈≈≈....#..#* *
.........######...#.8# , 8
..∩...o...........#..# , ,,
......o........)).').# * ,
.......o..........)).# + ,
..∩.............o.#).#∆ ,*,
.........######.@.#)8#*,,,
♣......♣.o≈≈≈≈..).#o)# *
♣♣♣...♣♣.o≈≈≈≈.))##.......o.
* ###.....≈≈≈≈...#..........
####..≈≈≈≈≈..#$.######## ,
#..o≈≈≈≈..#### #♣..≈≈≈≈≈..♣
♣♣..≈≈≈≈≈.♣ ♣♣♣♣≈≈≈≈≈♣


You could see an orc knight, 2 orc warriors and an orc.

Vanquished Creatures
  A troll (D:7)
  Edmund (D:6)
  A water moccasin (D:6)
  5 orc warriors (Bailey)
  2 sky beasts
  A hornet zombie (D:6)
  3 black bears
  A necrophage (D:4)
  An ogre (D:6)
  A phantom (D:6)
  A kobold brigand (D:6)
  4 scorpions
  A wyvern zombie (D:6)
  5 wights (D:6)
  A crimson imp (D:7)
  A bullfrog zombie (D:5)
  2 jellies
  3 hounds
  A human zombie (D:4)
  Ijyb (D:5)
  5 scorpion zombies (D:4)
  Natasha (thrice) (D:4)
  3 iguanas
  An orc wizard (D:4)
  A killer bee zombie (D:5)
  Robin (D:4)
  2 howler monkey zombies
  2 mummies (D:4)
  3 gnolls (D:3)
  4 adders
  3 ufetubi
  2 adder zombies (D:4)
  An adder skeleton (D:4)
  3 dart slugs (D:4)
  16 orcs
  7 ball pythons
  6 bats
  8 endoplasms
  A giant cockroach (D:1)
  6 hobgoblins
  11 jackals (D:1)
  A quokka (D:3)
  2 frilled lizards
  20 goblins
  11 kobolds
  4 rats
164 creatures vanquished.

Notes
Turn   | Place    | Note
-------+----------+-------------------------------------------
     0 | D:1      | GigaChad the Minotaur Fighter began the quest for the Orb.
     0 | D:1      | Reached XP level 1. HP: 19/19 MP: 0/0
   267 | D:1      | Reached XP level 2. HP: 24/27 MP: 1/1
   573 | D:1      | Reached XP level 3. HP: 33/33 MP: 2/2
   586 | D:1      | Reached skill level 3 in Long Blades
  1165 | D:2      | Found a faded altar of an unknown god.
  1176 | D:2      | Prayed at the altar of an unknown god.
  1176 | D:2      | Became a worshipper of Ashenzari the Shackled
  2219 | D:3      | Reached * piety under Ashenzari
  2689 | D:3      | Identified a scroll of acquirement
  2708 | D:3      | Acquired 861 gold pieces
  2729 | D:3      | Identified the +6 plate armour "Piecwuas" {Will+}
  2982 | D:3      | Reached ** piety under Ashenzari
  2990 | D:3      | Reached XP level 4. HP: 44/44 MP: 3/3
  3486 | D:4      | Reached skill level 4 in Long Blades
  3512 | D:4      | Reached XP level 5. HP: 45/50 MP: 4/4
  3520 | D:4      | Noticed a necrophage
  3523 | D:4      | Killed a necrophage
  3524 | D:4      | Reached skill level 5 in Long Blades
  3524 | D:4      | Reached skill level 5 in Armour
  3531 | D:4      | Reached XP level 6. HP: 49/57 MP: 5/5
  3539 | D:4      | Reached skill level 5 in Shields
  3581 | D:4      | Found a basalt altar of Yredelemnul.
  3633 | D:4      | Found Luoqodd's Antique Weapon Emporium.
  3638 | D:4      | Noticed Robin
  3660 | D:4      | Killed Robin
  3721 | D:4      | Reached skill level 6 in Long Blades
  3829 | D:4      | Reached XP level 7. HP: 62/64 MP: 6/6
  3837 | D:4      | Reached skill level 5 in Fighting
  3845 | D:4      | Reached skill level 1 in Stealth
  3845 | D:4      | Noticed Natasha
  3850 | D:4      | Killed Natasha
  4374 | D:4      | Noticed Natasha
  4386 | D:4      | Killed Natasha
  4444 | D:4      | Noticed Natasha
  4453 | D:4      | Killed Natasha
  4454 | D:4      | Reached skill level 7 in Long Blades
  4615 | D:4      | Found a staircase to the Ecumenical Temple.
  4673 | D:5      | Entered Level 5 of the Dungeon
  4733 | D:5      | Identified the +0 ring mail "Moapaeb" {rC+ Str+6 Stlth+}
  5406 | D:5      | Noticed Ijyb
  5415 | D:5      | Reached XP level 8. HP: 73/73 MP: 7/7
  5419 | D:5      | Killed Ijyb
  5819 | D:6      | Reached skill level 8 in Long Blades
  5931 | D:6      | Found a radiant altar of Vehumet.
  5936 | D:6      | Found a white marble altar of Elyvilon.
  5939 | D:6      | Found a stormy altar of Qazlal.
  5944 | D:6      | Found a sacrificial altar of Ru.
  6289 | D:6      | Noticed Edmund
  6303 | D:6      | Killed Edmund
  6304 | D:6      | Reached skill level 9 in Long Blades
  6557 | D:6      | Reached XP level 9. HP: 77/79 MP: 8/8
  7387 | D:7      | Noticed a troll
  7391 | D:7      | Found a flagged portal.
  7396 | D:7      | Killed a troll
  7397 | D:7      | Reached skill level 10 in Long Blades
  7397 | D:7      | Reached skill level 1 in Dodging
  7427 | D:7      | Found a burning altar of Makhleb.
  7427 | D:7      | Found a shimmering altar of Xom.
  7470 | Bailey   | Entered a bailey
  7641 | Bailey   | Noticed an orc knight
  7658 | Bailey   | HP: 4/85 [orc knight/+0 halberd (10)]
  7659 | Bailey   | Mangled by an orc knight

Illustrated notes

Levels and vault maps discovered:
D:1:      dpeg_arrival_pits, layout_loops_cross, minmay_liquid_box,
          skrybe_limestone_x
D:2:      layout_loops_ring, hellmonk_ecumenical_altar_arch_garden,
          minmay_misc_feat_hallway, kennysheep_generic_room_2
D:3:      layout_basic
D:4:      layout_rooms, lemuel_mausoleum_altar_yredelemnul,
          minmay_temple_entry_fiery, serial_shops, kennysheep_mini, uniq_robin,
          uniq_natasha
D:5:      cheibrodos_iron_armory, layout_basic, uniq_ijyb
D:6:      layout_gridville, grunt_temple_overflow_cloverleaf,
          minmay_unpleasant_kobolds, uniq_edmund
D:7:      layout_rooms, grunt_temple_overflow_champion_of_chaos, enter_bailey_5
Bailey:   bailey_polearm_elven_captive_hellmonk, bailey

Skill      XL: |  1  2  3  4  5  6  7  8  9 |
---------------+----------------------------+-----
Shields        | 4 5 6 |  6.6
Armour         | 4 5 6 8 9 |  9.1
Long Blades    | 3 4 5 6 7 9 10 | 10.5
Fighting       | 4 5 6 8 |  8.0
Stealth        | 1 |  1.3
Dodging        | 1 |  1.2

Action                   |  1- 3 |  4- 6 |  7- 9 || total
-------------------------+-------+-------+-------++-------
Melee: Long sword        |   100 |   106 |   218 ||   424
       Headbutt          |     9 |    24 |    36 ||    69
Invok: Curse Item        |     3 |       |     1 ||     4
  Use: Scroll            |     2 |       |     6 ||     8
Armor: Chain mail        |   107 |       |       ||   107
       Scale mail        |     2 |       |       ||     2
       Plate armour      |     6 |    71 |   155 ||   232
Dodge: Dodged            |    78 |    31 |   113 ||   222
Block: Buckler           |    41 |    36 |    90 ||   167
